 Dungeon Crawl Stone Soup version 0.25-a0-420-g1cc7eeb (webtiles) character file.

Game seed: 16381450971406401294, levelgen mode: deterministic

95 BlueFish the Insei (level 4, -3/28 HPs)
             Began as an Octopode Transmuter on Jan 20, 2020.
             Killed by nerve-wracking pain
             ... invoked by Grinder
              (14 damage)
             ... on level 3 of the Dungeon.
             The game lasted 00:06:26 (2566 turns).

BlueFish the Insei (Octopode Transmuter)            Turns: 2566, Time: 00:06:26

Health: -3/28      AC:  2    Str: 10    XL:     4   Next: 65%
Magic:  4/7        EV: 20    Int: 15    God:
Gold:   64         SH:  0    Dex: 17    Spells: 2/8 levels left

rFire    . . .     SeeInvis .     - Unarmed
rCold    . . .     Gourm    .   (shield currently unavailable)
rNeg     . . .     Faith    .   (helmet currently unavailable)
rPois    x         Spirit   .   (no amulet)
rElec    .         Reflect  .   (no ring)
rCorr    .         Harm     .   (no ring)
MR       .....                  (no ring)
Stlth    ++........             (no ring)
HPRegen  0.09/turn              (no ring)
MPRegen  0.10/turn              (no ring)
                                (no ring)
                                (no ring)

@: spider-form
A: tiny, almost no armour, stealthy swim, (amphibious), 8 rings, (constrict 8)
a: End Transformation


You were on level 3 of the Dungeon.
You were not hungry.
You were a venomous arachnid creature.
You visited 1 branch of the dungeon, and saw 4 of its levels.

You collected 64 gold pieces.

Inventory:

Missiles
 a - 12 arrows
Jewellery
 b - an uncursed ring of fire
Scrolls
 f - a scroll of magic mapping
Potions
 g - a potion of ambrosia
 h - a potion of cancellation
 i - a potion of mutation
Comestibles
 c - 4 rations


   Skills:
 * Level 1.6 Fighting
 + Level 2.4 Dodging
 + Level 1.2 Stealth
 + Level 3.9 Unarmed Combat
 + Level 2.5 Spellcasting
 + Level 2.2 Transmutations
 * Level 1.2 Poison Magic


You had 2 spell levels left.
You knew the following spells:

 Your Spells              Type           Power        Failure   Level  Hunger
a - Beastly Appendage     Tmut           #.....       22%         1    #......
b - Sticks to Snakes      Tmut           #.......     30%         2    ###....
c - Spider Form           Tmut/Pois      #.........   52%         3    ###....

Your spell library contained the following spells:

 Spells                   Type           Power        Failure   Level  Hunger
 Ice Form                 Ice/Tmut       #.......     91%         4    #####..
 Blade Hands              Tmut           #.........   98%         5    ######.


Dungeon Overview and Level Annotations

Branches:
Dungeon (4/15)
 Temple: D:4-7

Altars:
Elyvilon

Annotations:
D:3 Grinder


Innate Abilities, Weirdness & Mutations

You cannot wear most types of armour.
You are very stealthy in the water. (Stealth+)
((You are amphibious.))
You can wear up to eight rings at the same time.
((You can use your tentacles to constrict eight enemies at once.))
((Your skin changes colour to match your surroundings (Stealth+).))
((Your rubbery body absorbs attacks. (AC +1, EV +1)))


Message History

The worm is heavily wounded.
You constrict the worm. The worm completely misses you.
You tentacle-slap the worm.
The worm is severely wounded.
You constrict the worm.
Grinder blinks!
You tentacle-slap the worm but do no damage.
You pierce the worm, but do no damage.
The worm is severely wounded.
You constrict the worm. The worm bites you!
Casting: Beastly Appendage (safe; 9% risk of failure)
Confirm with . or Enter, or press ? or * to list all spells.
Your tentacle spike disappears.
You turn into a venomous arachnid creature.
You lose your grip on the worm.
The worm closely misses you.
You bite Grinder!
Grinder is lightly wounded.
Grinder gestures at you. Pain shoots through your body!
Ouch! That really hurt!
You die...

....
#######...%
##..........
##...........
#
#............
#............
#.....w......
#....s5....#
#
#...)......#
###
##..>.....##
#..
##...........
..#
#..........##
#..
#............
...
#............
...
#............
..o
#...........
...


You could see Grinder and a worm.

Vanquished Creatures
  3 gnolls (D:2)
  An adder (D:2)
  A leopard gecko (D:1)
  An orc (D:3)
  3 giant cockroaches
  7 goblins
  7 hobgoblins
  3 jackals (D:1)
  A quokka (D:2)
  A ball python (D:2)
  8 bats
  3 frilled lizards
  10 kobolds
  5 rats
54 creatures vanquished.

Notes
Turn   | Place    | Note
-------+----------+-------------------------------------------
     0 | D:1      | BlueFish the Octopode Transmuter began the quest for the
                  | Orb.
     0 | D:1      | Reached XP level 1. HP: 13/13 MP: 3/3
   139 | D:1      | Reached XP level 2. HP: 17/18 MP: 3/5
   147 | D:1      | Learned a level 2 spell: Sticks to Snakes
   358 | D:1      | Reached XP level 3. HP: 23/23 MP: 4/6
   363 | D:1      | Learned a level 3 spell: Spider Form
   794 | D:2      | You fall into a shaft and drop 2 floors!
  1496 | D:2      | Found a white marble altar of Elyvilon.
  1790 | D:1      | Reached XP level 4. HP: 17/28 MP: 5/7
  1993 | D:2      | Reached skill level 1 in Stealth
  1993 | D:2      | Reached skill level 1 in Poison Magic
  2560 | D:3      | Noticed Grinder
  2566 | D:3      | Killed from afar by Grinder

Levels and vault maps discovered:
D:1:      dpeg_arrival_chase, layout_loops_ring, minmay_tetromino_l4
D:2:      layout_loops_ring, nicolae_overflow_crystal_walls, minmay_door_square
D:3:      layout_rooms, minmay_bisected, uniq_grinder, uniq_crazy_yiuf_cottage
D:4:      layout_rooms, first_ration, minmay_misc_feat_room

Skill      XL: |  1  2  3  4 |
---------------+-------------+-----
Stealth        | 1 |  1.2
Poison Magic   | 1 |  1.2
Fighting       | |  1.6
Dodging        | |  2.4
Unarmed Combat | |  3.9
Spellcasting   | |  2.5
Transmutations | |  2.2

Action                   |  1- 3 |  4- 6 || total
-------------------------+-------+-------++-------
Melee: Unarmed           |   100 |    29 ||   129
       Constrict         |    26 |     7 ||    33
       Kick              |    13 |     4 ||    17
       Tentacles         |     6 |     3 ||     9
 Cast: Beastly Appendage |    21 |     6 ||    27
       Spider Form       |     1 |     3 ||     4
  Use: Scroll            |     3 |     5 ||     8
       Potion            |     1 |       ||     1
 Stab: Sleeping          |     4 |     2 ||     6
  Eat: Chunk             |     3 |     3 ||     6
Armor: Skin              |    13 |     2 ||    15
Dodge: Dodged            |    74 |    31 ||   105

Table legend:
 A = Non-vault XP
 B = Vault XP
 C = Vault XP percentage of total XP
 D = Non-vault monster count
 E = Vault monster count
 F = Vault count percentage of total count
                 A         B        C        D         E       F
            +---------+---------+-------+---------+---------+-------
      Total |     129 |       7 |   5.1 |      50 |       4 |   7.4
            +---------+---------+-------+---------+---------+-------
        D:1 |      32 |       5 |  13.5 |      20 |       3 |  13.0
        D:2 |      80 |       0 |   0.0 |      21 |       0 |   0.0
        D:3 |      17 |       2 |  10.5 |       9 |       1 |  10.0
            +---------+---------+-------+---------+---------+-------
